 Dungeon Crawl Stone Soup version 0.23-a0-586-gacb4b3f (webtiles) character file.

93 galech the Skirmisher (level 4, -4/35 HPs)
             Began as a Demonspawn Fighter on Dec 19, 2018.
             Slain by Sigmund
             ... wielding a +0 scythe
              (7 damage)
             ... on level 3 of the Dungeon.
             The game lasted 00:02:04 (1665 turns).

galech the Skirmisher (Demonspawn Fighter)          Turns: 1665, Time: 00:02:05

Health: -4/35      AC: 11    Str: 21    XL:     4   Next: 37%
Magic:  0/4        EV:  5    Int:  9    God:
Gold:   96         SH:  9    Dex: 14    Spells: 3/3 levels left

rFire    . . .     SeeInvis .   a - +0 war axe
rCold    . . .     Gourm    .   c - +0 shield
rNeg     . . .     Faith    .   e - +0 chain mail
rPois    .         Spirit   +   (no helmet)
rElec    .         Reflect  .   (no cloak)
rCorr    .         Harm     .   (no gloves)
MR       .....     Rnd*Tele +   (no boots)
Stlth    ..........             (no amulet)
HPRegen  0.11/turn              h - ring of teleportation (curse)
MPRegen  0.18/turn              (no ring)

@: mighty
A: yellow scales 1, magic shield, magic regeneration
a: no special abilities


You were on level 3 of the Dungeon.
You were hungry.

You visited 1 branch of the dungeon, and saw 3 of its levels.

You collected 96 gold pieces.

Inventory:

Hand Weapons
 a - a +0 war axe (weapon)
Armour
 c - a +0 shield (worn)
 e - a +0 chain mail (worn)
Jewellery
 h - a cursed ring of teleportation (left hand)
Scrolls
 j - a scroll of remove curse {unknown}
 k - a scroll of identify
Potions
 b - a potion of agility {unknown}
 g - a potion of heal wounds {unknown}
 i - a potion of lignification {unknown}
Comestibles
 f - 3 rations


   Skills:
 + Level 3.5 Fighting
 + Level 2.6 Axes
 + Level 3.1 Armour
 + Level 0.4 Dodging
 + Level 3.4 Shields


You had 3 spell levels left.
You didn't know any spells.
Your spell library was empty.

Dungeon Overview and Level Annotations

Branches:
Dungeon (3/15)

Altars:
Nemelex Xobeh
Vehumet

Annotations:
D:3 Sigmund


Innate Abilities, Weirdness & Mutations

You are partially covered in yellow scales. (AC +2)
When hurt, damage is shared between your health and your magic reserves.
You regenerate magic rapidly.


Message History

You miss something. Something hits you.
Your chain mail prevents you from hitting something.
You hear some strange, mumbled words.
Something tries to affect you, but you resist.
You hear some strange, mumbled words.
A puff of flame appears from out of thin air!
You block the puff of flame.
Your shield and chain mail prevent you from hitting something.
Something completely misses you.
You barely miss something. Something hits you!
You miss something. Something hits you but does no damage.
You miss something. Something hits you!
* * * LOW HITPOINT WARNING * * *
You miss something. Something hits you but does no damage.
You miss something. Something hits you.
* * * LOW HITPOINT WARNING * * *
You miss something. Something hits you but does no damage.
Your shield prevents you from hitting something.
Something hits you!
You die...

#+# #.# #.# #
##.## #.
###...#####.
...
...........
.>.. #.{.....#
...>.##@.#.#
...........#
.....##..###.#
.... #......#
... #.######
## #.# #.# #.#
########## #.#


There were no monsters in sight!

Vanquished Creatures
  4 gnolls
  An ooze (D:1)
  A worm (D:2)
  3 leopard geckos (D:1)
  8 hobgoblins
  7 jackals (D:2)
  4 bats (D:1)
  4 frilled lizards
  4 goblins
  2 kobolds (D:2)
  6 rats
44 creatures vanquished.

Notes
Turn   | Place    | Note
-------+----------+-------------------------------------------
     0 | D:1      | galech the Demonspawn Fighter began the quest for the Orb.
     0 | D:1      | Reached XP level 1. HP: 18/18 MP: 1/1
    88 | D:1      | Gained mutation: When hurt, damage is shared between your
                  | health and your magic reserves. [demonic ancestry]
    88 | D:1      | Reached XP level 2. HP: 14/24 MP: 2/2
   574 | D:1      | Gained mutation: You are partially covered in yellow
                  | scales. (AC +2) [demonic ancestry]
   574 | D:1      | Reached XP level 3. HP: 29/29 MP: 3/3
  1169 | D:2      | Gained mutation: You regenerate magic rapidly. [demonic
                  | ancestry]
  1169 | D:2      | Reached XP level 4. HP: 26/35 MP: 2/4
  1371 | D:2      | Found a sparkling altar of Nemelex Xobeh.
  1372 | D:2      | Found a radiant altar of Vehumet.
  1641 | D:3      | Noticed Sigmund
  1665 | D:3      | Slain by Sigmund

Vault maps used:
D:1:      dpeg_arrival_lava_temple_mockup
D:2:      gammafunk_temple_overflow_statue
D:3:      uniq_sigmund

Skill      XL: |  1  2  3 |
---------------+----------+-----
Shields        | 3 |  3.4
Axes           | 2 |  2.6
Armour         | 3 |  3.1
Fighting       | |  3.5
Dodging        | |  0.4

Action                   |  1- 3 |  4- 6 || total
-------------------------+-------+-------++-------
Melee: War axe           |   140 |    39 ||   179
  Use: Scroll            |     2 |       ||     2
       Potion            |       |     1 ||     1
  Eat: Chunk             |     1 |     1 ||     2
Armor: Scale mail        |    45 |       ||    45
       Chain mail        |    97 |    20 ||   117
Dodge: Dodged            |    55 |     4 ||    59
Block: Shield            |   114 |     8 ||   122

Table legend:
 A = Non-vault XP
 B = Vault XP
 C = Vault XP percentage of total XP
 D = Non-vault monster count
 E = Vault monster count
 F = Vault count percentage of total count
                 A         B        C        D         E       F
            +---------+---------+-------+---------+---------+-------
      Total |     134 |       0 |   0.0 |      44 |       0 |   0.0
            +---------+---------+-------+---------+---------+-------
        D:1 |      73 |       0 |   0.0 |      25 |       0 |   0.0
        D:2 |      61 |       0 |   0.0 |      19 |       0 |   0.0
            +---------+---------+-------+---------+---------+-------
